 Dungeon Crawl Stone Soup version 0.13-a0-2832-g473017b (webtiles) character file.

638 mestizia the Insei (level 6, -5/51 HPs)
             Began as a Naga Transmuter on Aug 27, 2013.
             Slain by an orc wizard
             ... wielding a +0,+1 glaive of distortion
              (19 damage)
             ... on Level 4 of the Dungeon.
             The game lasted 00:25:25 (3788 turns).

mestizia the Insei (Naga Transmuter)                Turns: 3788, Time: 00:25:25

HP  -5/51        AC  3     Str 12      XL: 6   Next: 94%
MP  19/20        EV  9     Int 15      God:
Gold 218         SH  0     Dex 12      Spells:  3 memorised,  6 levels left

Res.Fire  : . . .   See Invis. : +     - Unarmed
Res.Cold  : . . .   Warding    : .   G - +0 elf leather armour
Life Prot.: . . .   Conserve   : .   (no shield)
Res.Poison: +       Res.Corr.  : .   (helmet restricted)
Res.Elec. : .       Clarity    : .   (no cloak)
Sust.Abil.: . .     Spirit.Shd : .   (no gloves)
Res.Mut.  : .       Stasis     : .   (no barding)
Res.Rott. : .       Flight     : .   A - amulet of faith
Saprovore : . . .                    m - ring of magical power
                                     (no ring)

@: appendage, very slow, somewhat resistant to hostile enchantments, very
unstealthy
A: spit poison, horns 2, see invisible, deformed body, poison resistance,
slowness 2, AC +2
a: Spit Poison, End Transformation


You were on level 4 of the Dungeon.
You were not hungry.
You had grown temporary horns.
You visited 1 branch of the dungeon, and saw 4 of its levels.
You also visited: Sewer.

You collected 198 gold pieces.

Inventory:

Missiles
 r - 9 poisoned arrows
Armour
 c - a +0 robe
 G - a +0 elven leather armour (worn)
 I - a +0 pair of gauntlets
Comestibles
 a - 2 bread rations
 g - an apple
Scrolls
 h - 7 scrolls of identify
 p - a scroll of enchant weapon I {unknown}
 t - a scroll of fear {unknown}
 u - 3 scrolls of recharging {unknown}
 v - 2 scrolls of curse weapon {unknown}
 y - a scroll of random uselessness {unknown}
 B - a scroll of curse armour {unknown}
 C - a scroll of enchant armour {unknown}
 D - a scroll of curse jewellery {unknown}
 F - a scroll of noise {unknown}
 L - 3 scrolls of teleportation {unknown}
Jewellery
 m - a ring of magical power (right hand)
 A - an amulet of faith (around neck)
Potions
 e - 2 potions of restore abilities {unknown}
 f - 4 potions of curing
 i - a potion of heal wounds
 j - 6 potions of flight {unknown}
 l - a potion of slowing {unknown}
 o - a potion of porridge
 w - 2 potions of poison {unknown}
 x - 2 potions of might {unknown}
 z - a potion of mutation {unknown}
 H - a potion of invisibility {unknown}
 J - 2 potions of agility {unknown}
Books
 d - a book of Changes

   Spells                             Type                      Level
   *Beastly Appendage                 Transmutation                1
   *Sticks to Snakes                  Transmutation                2
   *Spider Form                       Transmutation/Poison         3
   Ice Form                           Ice/Transmutation            4
   Blade Hands                        Transmutation                5
 q - a book of Ice

   Spells                             Type                      Level
   Freezing Aura                      Charms/Ice                   2
   Ensorcelled Hibernation            Hexes/Ice                    2
   Ozocubu's Refrigeration            Ice                          6
   Bolt of Cold                       Conjuration/Ice              6
   Freezing Cloud                     Conjuration/Ice/Air          6
   Metabolic Englaciation             Hexes/Ice                    6
   Simulacrum                         Ice/Necromancy               6


   Skills:
 - Level 1.0 Fighting
 - Level 1.5 Dodging
 + Level 4.8 Unarmed Combat
 + Level 3.7 Spellcasting
 + Level 4.1 Transmutations
 - Level 3.0 Poison Magic


You had 6 spell levels left.
You knew the following spells:

 Your Spells              Type           Power        Failure   Level  Hunger
a - Beastly Appendage     Trmt           ###...       3%          1    None
b - Sticks to Snakes      Trmt           ###.......   6%          2    ##.....
c - Spider Form           Trmt/Pois      ##........   14%         3    ###....


Dungeon Overview and Level Annotations

Branches:
Dungeon (4/27)
 Temple: D:4-7

Altars:


Innate Abilities, Weirdness & Mutations

You cannot wear boots.
You can spit poison.
Your serpentine skin is tough (AC +2).*
You have supernaturally acute eyesight.
Armour fits poorly on your strangely shaped body.*
Your system is resistant to poisons.*
You cover ground very slowly.*
You have a pair of horns on your head.*


Message History

You feel slightly more hungry.
Casting: Beastly Appendage
Confirm with . or Enter, or press ? or * to list all spells.
You grow a pair of large bovine horns.
The orc wizard barely misses you. The orc wizard barely misses you.
You closely miss the orc wizard. Your punch misses the orc wizard.
The orc wizard is heavily wounded.
The orc wizard gestures at you while chanting.
The magic dart hits you!
You hit the orc wizard.
You headbutt the orc wizard, but do no damage.
The orc wizard is severely wounded.
The orc wizard casts a spell.
The orc wizard blinks!
You have got your breath back.
The orc wizard looks more healthy.
The orc wizard hits you from afar with a glowing glaive.
* * * LOW HITPOINT WARNING * * *
Space warps horribly around you!
You die...

##.#########
##'#### #..#
#....#
##.####
####.#
#....# #
####.##
#.....#
#.....###
#......o####
#.....#>.@.#
#.....####.#
#.....#
#.ยง#
#######
##..' ###..
... #


You could see an orc wizard.

Vanquished Creatures
  Eustachio (D:4)
  An orc priest (D:4)
  2 orc wizards (D:4)
  4 adders
  A green rat (D:3)
  5 giant mites
  4 worms (Sewer)
  An adder skeleton (D:4)
  2 giant geckos
  4 oozes (Sewer)
  3 orcs (D:4)
  6 ball pythons
  11 bats
  7 giant cockroaches
  12 goblins
  2 hobgoblins
  2 quokkas
  4 giant newts
  9 jackals
  8 kobolds
  6 rats
95 creatures vanquished.

Vanquished Creatures (others)
  2 orcs (D:4)
  A rat (D:4)
3 creatures vanquished.

Grand Total: 98 creatures vanquished

Notes
Turn   | Place    | Note
--------------------------------------------------------------
     0 | D:1      | mestizia, the Naga Transmuter, began the quest for the Orb.
     0 | D:1      | Reached XP level 1. HP: 18/18 MP: 1/1
   160 | D:1      | Reached XP level 2. HP: 20/25 MP: 0/3
   620 | D:1      | Learned a level 2 spell: Sticks to Snakes
   813 | D:2      | Reached XP level 3. HP: 23/31 MP: 4/4
   818 | D:2      | Learned a level 3 spell: Spider Form
  1332 | D:3      | Reached XP level 4. HP: 17/38 MP: 4/6
  1735 | D:3      | Reached skill level 1 in Poison Magic
  1799 | D:3      | Found a glowing drain.
  1821 | Sewer    | Entered a sewer
  1828 | Sewer    | Reached skill level 4 in Unarmed Combat
  1828 | Sewer    | Reached XP level 5. HP: 26/44 MP: 4/8
  3154 | D:4      | Noticed Eustachio
  3366 | D:4      | Killed Eustachio
  3366 | D:4      | Reached XP level 6. HP: 37/51 MP: 11/11
  3788 | D:4      | Slain by an orc wizard

Action                   |  1- 3 |  4- 6 || total
-------------------------+-------+-------++-------
Melee: Unarmed           |    61 |   159 ||   220
 Cast: Beastly Appendage |    11 |    13 ||    24
       Spider Form       |       |     3 ||     3
       Sticks to Snakes  |       |     7 ||     7
 Abil: Spit Poison       |    48 |    50 ||    98
  Use: Potion            |     1 |     1 ||     2
       Scroll            |       |     5 ||     5
